 Dungeon Crawl Stone Soup version 0.17-a0-1404-gb8113a6 (webtiles) character file.

2535 Kidiri the Blocker (level 9, -2/78 HPs)
             Began as a Minotaur Fighter on June 21, 2015.
             Was a Believer of Okawaru.
             Killed from afar by an electric eel (4 damage)
             ... with a bolt of electricity
             ... on level 7 of the Dungeon.
             The game lasted 00:30:12 (7306 turns).

Kidiri the Blocker (Minotaur Fighter)               Turns: 7306, Time: 00:30:14

Health: -2/78      AC: 24    Str: 25    XL:     9   Next: 30%
Magic:  10/10      EV:  6    Int:  5    God:    Okawaru [**....]
Gold:   385        SH: 11    Dex:  9    Spells: 0 memorised, 8 levels left

rFire  . . .     SeeInvis .     a - +0 flail
rCold  + . .     Clarity  .     q - +3 plate armour
rNeg   . . .     SustAt   .     c - +0 shield
rPois  .         Gourm    .     (helmet restricted)
rElec  .         Spirit   .     (no cloak)
rCorr  .         Warding  .     g - +1 pair of gloves
rMut   .         Stasis   .     h - +0 pair of boots
MR     .....                    (no amulet)
Stlth  ..........               p - ring of protection from cold
                                w - +4 ring of protection

@: not resistant to hostile enchantments, extremely unstealthy
A: retaliatory headbutt, horns 2
a: Heroism, Renounce Religion


You were on level 7 of the Dungeon.
You worshipped Okawaru.
Okawaru was pleased with you.
You were not hungry.

You visited 2 branches of the dungeon, and saw 8 of its levels.

You collected 385 gold pieces.

Inventory:

Hand weapons
 a - a +0 flail (weapon)
Missiles
 n - 2 poisoned tomahawks (quivered)
Armour
 c - a +0 shield (worn)
 g - a +1 pair of gloves (worn)
 h - a +0 pair of boots (worn)
 q - a +3 plate armour (worn)
Jewellery
 k - an uncursed ring of flight
 p - a ring of protection from cold (right hand)
 w - a +4 ring of protection (left hand)
 x - an uncursed ring of teleportation
Scrolls
 b - a scroll of recharging
 f - 3 scrolls of teleportation
 l - a scroll of magic mapping
Potions
 d - a potion of might
 i - 7 potions of curing
 j - 2 potions of haste
 r - 2 potions of cancellation
 s - a potion of berserk rage
 t - 2 potions of flight
 v - a potion of brilliance {unknown}
 z - a potion of degeneration {unknown}
 A - a potion of agility {unknown}
Comestibles
 e - 4 bread rations
 m - 4 meat rations
 u - 6 chunks of flesh


   Skills:
 + Level 6.6 Fighting
 + Level 6.3 Maces & Flails
 * Level 8.4 Armour
 * Level 8.7 Shields
 + Level 2.8 Invocations
 + Level 3.8 Evocations


You had 8 spell levels left.
You didn't know any spells.

Dungeon Overview and Level Annotations

Branches:
Dungeon (7/15)             Temple (1/1) D:4

Altars:
Ashenzari
Cheibriados
Dithmenos
Elyvilon
Gozag
Makhleb
Nemelex Xobeh
Okawaru
Qazlal
Ru
Sif Muna
Trog
Vehumet
Xom
Yredelemnul
Zin
The Shining One


Innate Abilities, Weirdness & Mutations

You reflexively headbutt those who attack you in melee.
You have a pair of horns on your head.


Message History

The bolt of electricity hits you!
* * * LOW HITPOINT WARNING * * *
The bolt of electricity misses you.
The bolt of electricity hits the electric eel.
The electric eel completely resists.
Drink which item? (? for menu, Esc to quit)
You feel much better.
The electric eel shoots out a bolt of lightning at you!
The bolt of electricity hits you! x2
* * * LOW HITPOINT WARNING * * *
The bolt of electricity hits the electric eel.
The electric eel completely resists.
The electric eel shoots out a bolt of lightning at you!
The bolt of electricity misses you. The bolt of electricity hits you!
The bolt of electricity misses the electric eel.
The electric eel shoots out a bolt of lightning at you!
The bolt of electricity hits you!
* * * LOW HITPOINT WARNING * * *
The bolt of electricity hits you!
You die...

≈.≈≈≈≈≈...........#### ..
≈.≈≈≈≈≈.##......(....#<..
≈.≈≈≈≈≈.##.......###.....
≈.≈≈≈≈≈.###......(.)### .
≈.......# #.)(..(##......
...≈≈≈≈.####(###..####.#.
≈≈.≈≈≈;.##...# #..####..#
≈≈.≈≈≈;.##.### #.....##)#
≈≈.≈≈≈≈.@...# #..##.....
≈≈.≈≈≈≈..##.# #..####.#.
.........##.####..# #.#.
###...............# #..#
##.........>....#####.#
#.....$..............#
#.........[...........
......................
##.####.....#..


You could see 2 electric eels.

Vanquished Creatures
  Grinder (D:3)
  A phantom (D:4)
  2 black bears (D:7)
  An ice beast (D:6)
  2 centaurs
  3 ogres
  A big kobold (D:7)
  2 scorpions (D:7)
  8 wights
  4 jellies
  2 crimson imps
  A quasit (D:6)
  A hound (D:6)
  A centaur skeleton (D:6)
  3 orc wizards
  2 orc priests
  4 iguanas
  6 worker ants
  A hound zombie (D:6)
  A hound skeleton (D:5)
  11 adders
  9 gnolls
  A shadow imp (D:5)
  An ooze (D:3)
  A worm (D:2)
  7 giant geckos
  10 orcs
  3 ball pythons (D:3)
  18 bats
  3 bat skeletons
  10 hobgoblins
  10 jackals
  3 quokkas
  6 giant cockroaches
  A giant gecko skeleton (D:6)
  4 giant newts
  13 goblins
  A jackal skeleton (D:7)
  A jackal zombie (D:6)
  17 kobolds
  13 rats
190 creatures vanquished.

Notes
Turn   | Place    | Note
--------------------------------------------------------------
     0 | D:1      | Kidiri the Minotaur Fighter began the quest for the Orb.
     0 | D:1      | Reached XP level 1. HP: 19/19 MP: 0/0
   281 | D:1      | Reached XP level 2. HP: 22/27 MP: 1/1
   465 | D:1      | Reached skill level 4 in Armour
  1003 | D:2      | Reached XP level 3. HP: 31/33 MP: 2/2
  1487 | D:2      | Found a sparkling altar of Nemelex Xobeh.
  1487 | D:2      | Found a glowing golden altar of the Shining One.
  1702 | D:3      | Found a shimmering altar of Xom.
  1803 | D:3      | Reached XP level 4. HP: 40/40 MP: 3/3
  2118 | D:3      | Found a white marble altar of Elyvilon.
  2133 | D:3      | Reached skill level 5 in Shields
  2133 | D:3      | Reached skill level 1 in Evocations
  2133 | D:3      | Reached XP level 5. HP: 36/47 MP: 4/4
  2158 | D:3      | Reached skill level 5 in Armour
  2168 | D:3      | Reached XP level 6. HP: 28/53 MP: 4/6
  2662 | D:3      | Noticed Grinder
  2672 | D:3      | Found a burning altar of Makhleb.
  2679 | D:3      | Paralysed by Grinder for 2 turns
  2690 | D:3      | Killed Grinder
  2690 | D:3      | Reached skill level 5 in Fighting
  2690 | D:3      | Reached skill level 6 in Armour
  2690 | D:3      | Reached XP level 7. HP: 45/61 MP: 7/7
  3604 | D:4      | Found a staircase to the Ecumenical Temple.
  3619 | Temple   | Entered the Ecumenical Temple
  4110 | D:4      | Found an opulent altar of Gozag.
  4129 | D:4      | Found an iron altar of Okawaru.
  4130 | D:4      | Found a bloodstained altar of Trog.
  4144 | D:4      | Became a worshipper of Warmaster Okawaru
  4475 | D:5      | Entered Level 5 of the Dungeon
  4505 | D:5      | Reached skill level 5 in Maces & Flails
  4811 | D:5      | Reached skill level 7 in Shields
  4811 | D:5      | Reached XP level 8. HP: 58/69 MP: 8/8
  4886 | D:5      | Found a deep blue altar of Sif Muna.
  4972 | D:5      | Found a deep blue altar of Sif Muna.
  4982 | D:5      | Found a shadowy altar of Dithmenos.
  5098 | D:5      | Reached skill level 1 in Invocations
  6356 | D:6      | Found a burning altar of Makhleb.
  6357 | D:6      | Found a radiant altar of Vehumet.
  6366 | D:6      | Acquired Okawaru's first power
  6366 | D:6      | Reached skill level 8 in Shields
  7008 | D:7      | Reached XP level 9. HP: 74/77 MP: 10/10
  7306 | D:7      | HP: 2/78 [electric eel/bolt of electricity (16)]
  7306 | D:7      | Killed from afar by an electric eel

Vault maps used:
D:1:      dpeg_arrival_rhombus
D:2:      gammafunk_temple_overflow_wave, feat_on_display
D:3:      nicolae_overflow_crystal_walls, elyvilon_altar_3, first_bread,
          bloody_makhleb, uniq_grinder
D:4:      grunt_temple_overflow_bloody_war, kennysheep_mini,
          minmay_temple_entry_grid
D:5:      amethyst_overflow_temple_binary, led_sif_book
D:6:      grunt_temple_overflow_lords_of_destruction
D:7:      minivault_14, uniq_menkaure
Temple:   circular_temple_6

Action                   |  1- 3 |  4- 6 |  7- 9 || total
-------------------------+-------+-------+-------++-------
Melee: Flail             |   133 |   109 |   369 ||   611
Throw: Tomahawk          |       |     1 |    12 ||    13
  Use: Scroll            |     5 |     3 |     7 ||    15
       Potion            |       |       |     1 ||     1
  Eat: Chunk             |     3 |     3 |     8 ||    14
       Bread ration      |       |       |     1 ||     1
       Pizza             |       |       |     1 ||     1
       Beef jerky        |       |       |     1 ||     1
